 Dungeon Crawl Stone Soup version 0.29.0-11-gd7f09526c8 (webtiles) character file.

Game seed: 17214281067544404394

13853 Lochraine the Eye of the Storm (level 12, -9/86 HPs)
             Began as a Human Wanderer on Sept 4, 2022.
             Was a Priest of Qazlal.
             Mangled by a komodo dragon (19 damage)
             ... on level 2 of the Lair of Beasts.
             The game lasted 00:51:20 (16091 turns).

Lochraine the Eye of the Storm (Human Wanderer)    Turns: 16091, Time: 00:51:21

Health: -9/86      AC:  7    Str: 14    XL:     12   Next: 37%
Magic:  19/22      EV: 12    Int: 17    God:    Qazlal [***...]
Gold:   447        SH: 14    Dex: 14    Spells: 5/24 levels left

rFire   + . .      SeeInvis .   a - +9 long sword "Untipt" {spect, rF+ Int+2}
rCold   . . .      Faith    .   A - +0 kite shield
rNeg    . . .      Spirit   .   W - +2 robe {Will+}
rPois   .          Reflect  .   H - +1 helmet
rElec   .          Harm     .   j - +0 cloak
rCorr   .          Rampage  .   (no gloves)
Will    ++...                   (no boots)
Stlth   ++........              (no amulet)
HPRegen 0.24/turn               l - ring of wizardry
MPRegen 0.18/turn               B - ring of willpower

@: very slightly contaminated
A: no striking features
a: Renounce Religion, Upheaval, Elemental Force


You were on level 2 of the Lair of Beasts.
You worshipped Qazlal.
Qazlal was most pleased with you.
You visited 2 branches of the dungeon, and saw 12 of its levels.
You also visited: Bailey.

You collected 639 gold pieces.
You spent 192 gold pieces at shops.

Inventory:

Hand Weapons
 a - the +9 long sword "Untipt" (weapon) {spect, rF+ Int+2}
   (You found it on level 6 of the Dungeon)

   When its wielder attacks, the weapon's spirit leaps out and strikes again.
   The spirit shares a part of any damage it takes with its wielder.
   Int:       It affects your intelligence (+2).
   rF:        It protects you from fire.
 N - the +2 trident of World's End {freeze, rN+++ Str-4 Int-2 Dex+5}
   (You took it off an orc on level 9 of the Dungeon)

   It freezes those it strikes, dealing additional cold damage.
   It can also slow down cold-blooded creatures.
   Str:       It affects your strength (-4).
   Int:       It affects your intelligence (-2).
   Dex:       It affects your dexterity (+5).
   rN:        It renders you almost immune to negative energy.
 R - a +8 flail of flaming
   (You took it off Edmund on level 4 of the Dungeon)
Armour
 j - a +0 cloak (worn)
   (You found it on level 1 of the Dungeon)
 w - a +0 ring mail
   (You took it off a gnoll sergeant on level 9 of the Dungeon)
 y - a +0 robe
   (You took it off a gnoll on level 9 of the Dungeon)
 A - a +0 kite shield (worn)
   (You took it off a gnoll sergeant on level 9 of the Dungeon)
 E - a +0 plate armour
   (You took it off an orc warrior on level 9 of the Dungeon)
 F - a +0 scale mail
   (You took it off Urug on level 1 of the Lair of Beasts)
 H - a +1 helmet (worn)
 J - a +0 animal skin
   (You took it off Grum on level 1 of the Lair of Beasts)
 L - a +0 robe
   (You found it on level 1 of the Lair of Beasts)
 O - a +0 leather armour
   (You found it on level 1 of the Lair of Beasts)
 P - a +0 ring mail
   (You found it on level 1 of the Lair of Beasts)
 U - a +1 scale mail of cold resistance
   (You took it off a gnoll sergeant on level 8 of the Dungeon)
 W - a +2 robe of willpower (worn)
   (You took it off Pikel on level 6 of the Dungeon)
Magical Staves
 D - a staff of air
   (You found it on level 5 of the Dungeon)
Jewellery
 b - a ring of flight
   (You took it off a gnoll on level 9 of the Dungeon)
 l - a ring of wizardry (left hand)
   (You found it on level 2 of the Dungeon)
 m - a ring of wizardry
   (You found it on level 2 of the Dungeon)
 B - a ring of willpower (right hand)
   (You took it off a hobgoblin on level 4 of the Dungeon)
Wands
 d - a wand of iceblast (4)
   (You found it on level 9 of the Dungeon)
 i - a wand of quicksilver (8)
   (You found it on level 6 of the Dungeon)
 t - a wand of flame (34)
   (You found it on level 2 of the Dungeon)
 u - a wand of paralysis (4)
   (You found it on level 1 of the Lair of Beasts)
Scrolls
 c - 2 scrolls of blinking
 f - 8 scrolls of magic mapping
 g - 7 scrolls of summoning
 k - 2 scrolls of fear
 o - a scroll of enchant armour
 p - a scroll of immolation {!r}
 C - a scroll of noise {!r}
 G - 3 scrolls of teleportation {@r4}
 I - 3 scrolls of enchant weapon
Potions
 e - 2 potions of degeneration {!q}
 h - 3 potions of might
 n - 2 potions of attraction {!q}
 q - a potion of cancellation
 r - 2 potions of heal wounds {@q2}
 s - 3 potions of mutation {!q}
 v - a potion of invisibility {unknown}
 x - 7 potions of curing {@q1}
 z - a potion of experience
 K - a potion of brilliance {unknown}
 M - a potion of lignification {unknown}
 Q - 3 potions of haste {unknown}


   Skills:
 + Level 5.4 Fighting
 + Level 6.9 Long Blades
 - Level 3.1 Maces & Flails
 - Level 4.3 Polearms
 - Level 2.1 Armour
 - Level 4.4 Dodging
 - Level 4.0 Stealth
 * Level 6.1 Shields
 - Level 6.6 Spellcasting
 - Level 2.4 Conjurations
 - Level 4.0 Hexes
 - Level 4.6 Summonings
 - Level 5.0 Necromancy
 - Level 2.6 Air Magic
 - Level 2.5 Poison Magic
 - Level 8.9 Invocations


You had 5 spell levels left.
You knew the following spells:

 Your Spells              Type           Power      Damage    Failure   Level
b - Summon Guardian Gole  Hex/Summ       20%        N/A       6%          3
c - Agony                 Necr           22%        N/A       41%         5
d - Call Canine Familiar  Summ           21%        N/A       6%          3
e - Anguish               Hex/Necr       10%        N/A       21%         4
f - Mephitic Cloud        Conj/Pois/Air  14%        N/A       14%         3
x - Summon Small Mammal   Summ           84%        N/A       1%          1

Your spell library contained the following spells:

 Spells                   Type           Power      Damage    Failure   Level
 Sublimation of Blood     Necr           22%        N/A       2%          2
 Call Imp                 Summ           21%        N/A       3%          2
 Magic Dart               Conj           52%        1d5       4%          1
 Shock                    Conj/Air       56%        1d6       4%          1
 Tukima's Dance           Hex            19%        N/A       8%          3
 Dazzling Flash           Conj/Hex       32%        N/A       11%         3
 Beastly Appendage        Tmut           10%        N/A       13%         1
 Wereblood                Tmut           5%         N/A       19%         2
 Spider Form              Tmut/Pois      9%         N/A       22%         3
 Stone Arrow              Conj/Erth      18%        3d8       24%         3
 Summon Lightning Spire   Summ/Air       18%        N/A       28%         4
 Corpse Rot               Necr/Pois/Air  17%        N/A       32%         4
 Frozen Ramparts          Ice            10%        1d2       34%         3
 Hailstorm                Conj/Ice       9%         3d4       58%         4
 Silence                  Hex/Air        8%         N/A       63%         5
 Ice Form                 Ice/Tmut       5%         N/A       75%         4
 Passage of Golubria      Tloc           5%         N/A       75%         4
 Petrify                  Tmut/Erth      5%         N/A       75%         4
 Borgnjor's Vile Clutch   Necr/Erth      7%         N/A       75%         5
 Summon Forest            Summ/Tloc      6%         N/A       77%         5
 Yara's Violent Unravell  Hex/Tmut       6%         3d5       80%         5
 Irradiate                Conj/Tmut      4%         3d13      89%         5
 Simulacrum               Ice/Necr       7%         N/A       99%         6
 Statue Form              Tmut/Erth      3%         N/A       100%        6
 Enfeeble                 Hex            9%         N/A       100%        7
 Orb of Destruction       Conj           6%         9d6       100%        7
 Ozocubu's Refrigeration  Ice            2%         4d8       100%        7
 Spellforged Servitor     Conj/Summ      8%         N/A       100%        7
 Dragon's Call            Summ           10%        N/A       100%        9


Dungeon Overview and Level Annotations

Branches:
Dungeon (10/15) Zot: 26980  Temple (0/1) D:6            Lair (2/5) D:9 Zot: 9852
  Swamp (0/4) Lair:2       Bailey (visited)
  Snake: Lair:2-3    Spider: Lair:2-3       Orc: D:9-12

Altars:
Cheibriados
Fedhas
Gozag
Kikubaaqudgha
Qazlal
Sif Muna
Trog
Uskayaw
Vehumet
Wu Jian
Xom
Jiyva

Shops:
D:8 [

Annotations:
D:3 2 runed translucent doors, diceflayer's ghost, weakling DsFi
D:6 1 runed translucent door, Crazy Yiuf
D:10 Erica
Lair:1 3 runed translucent doors, mtoz's ghost, journeyman GrBe


Message History

You climb upwards.
Level annotation: 3 runed translucent doors, mtoz's ghost, journeyman GrBe You feel very sick.
There is a stone staircase leading down here.
You feel sick.
You feel sick.
You feel sick.
You feel sick.
You feel sick.
You feel sick.
You feel sick.
You feel sick.
You are no longer poisoned.
You can't go down here!
You start resting.
You see here a -2 spear.
There is a stone staircase leading down here.
You climb downwards.
The komodo dragon hisses angrily.
You hear a loud, deep croak! x2
A swamp worm comes into view.
The swamp worm fires a harpoon shot at you.
The harpoon shot hits you.
You are yanked forward by the harpoon shot.
Splash!
You fall into the shallow water.
Moving in this stuff is going to be slow.
A tyrant leech and 2 swamp worms come into view.
Found a staircase to the Swamp.
The swamp worm attacks as you move away!
The swamp worm bites you! You block the swamp worm's attack.
You block the tyrant leech's attack. The swamp worm bites you.
The swamp worm completely misses you. The tyrant leech bites you!
The tyrant leech draws strength from your injuries!
Aim: a komodo dragon (chance to affect: 62%)
You miscast Mephitic Cloud.
You are very lightly contaminated with residual magic.
Nothing appears to happen.
You hear a croak. x2
The swamp worm bites you! You block the swamp worm's attack.
You slash the komodo dragon! The swamp worm bites you.
* * * LOW HITPOINT WARNING * * *
The swamp worm bites you!
* * * LOW HITPOINT WARNING * * *
You block the komodo dragon's attack. The tyrant leech bites you!
* * * LOW HITPOINT WARNING * * *
The tyrant leech draws strength from your injuries!
The swamp worm bites you!
* * * LOW HITPOINT WARNING * * *
You block the swamp worm's attack. The komodo dragon bites you!!
You die...

## #.####
##.<..#
.........##
#..P.....#
####.##lP#
#♣♣♣@♣♣


♣www♣ ♣www§♣ ♣§§§§♣ §§§§§♣ ♣♣♣♣♣♣♣ You could see a tyrant leech, a komodo dragon
and 5 swamp worms.

Vanquished Creatures
  A boulder beetle (Lair:1)
  A two-headed ogre (D:9)
  Sonja (Lair:1)
  Urug (Lair:1)
  Pikel (D:6)
  A black mamba (Lair:1)
  3 cane toads
  A komodo dragon (Lair:1)
  A rime drake (Lair:1)
  Sigmund (D:6)
  A shadow (D:6)
  6 yaks (Lair:1)
  3 wyverns
  Grum (Lair:1)
  A basilisk (Lair:1)
  2 steam dragons
  A vampire mosquito (D:9)
  Edmund (D:4)
  2 wargs (D:9)
  2 water moccasins (Lair:1)
  5 orc warriors
  2 black bears (D:6)
  An ice beast (D:7)
  An ogre (D:7)
  5 centaurs
  3 wolves (Lair:1)
  A kobold brigand (D:8)
  3 phantoms
  Blork the orc (D:6)
  3 necrophages
  4 scorpions
  4 bullfrogs
  2 gnoll sergeants
  11 wights
  10 killer bees
  A vampire bat (D:4)
  3 hounds
  2 jellies
  2 orc priests
  An iguana (D:7)
  5 orc wizards
  10 gnolls
  8 adders
  A white imp (D:5)
  An ufetubus (D:6)
  4 dart slugs
  2 worms
  28 orcs
  4 bat skeletons (D:4)
  2 bat zombies (D:4)
  4 endoplasms
  5 giant cockroaches
  7 goblins
  7 hobgoblins
  22 jackals
  2 quokkas
  6 ball pythons
  4 bats
  A frilled lizard (D:2)
  15 kobolds
  4 rats
239 creatures vanquished.

Vanquished Creatures (collateral kills)
  A two-headed ogre (D:9)
  A water moccasin (D:6)
  A centaur (D:8)
  A killer bee (D:9)
  A vampire bat (D:4)
  An orc priest (D:9)
  5 adders
  A worm (D:3)
  A dart slug (D:4)
  10 orcs
  2 goblins (D:7)
  4 hobgoblins
  3 jackals
  3 kobolds
  A quokka (D:4)
  A ball python (D:4)
  A bat (D:3)
38 creatures vanquished.

Vanquished Creatures (others)
  An orc knight (Bailey)
  A hornet (D:9)
  A warg (D:9)
  4 orc warriors (Bailey)
  A black bear (D:4)
  A wight (D:6)
  An orc priest (D:9)
  An orc wizard (D:8)
  A gnoll (D:8)
  4 orcs (Bailey)
  3 fungi
  2 plants
21 creatures vanquished.

Grand Total: 298 creatures vanquished

Notes
Turn   | Place    | Note
-------+----------+-------------------------------------------
     0 | D:1      | Lochraine the Human Wanderer began the quest for the Orb.
     0 | D:1      | Lochraine set off with the following items: a +2 spear, a
                  | +0 helmet, a scroll of blinking, a +0 robe; and the
                  | following spell memorised: Summon Small Mammal; and the
                  | following spells available to memorise: Summon Guardian
                  | Golem.
     0 | D:1      | Reached XP level 1. HP: 13/13 MP: 2/2
   226 | D:1      | Reached XP level 2. HP: 19/19 MP: 3/3
   923 | D:1      | Reached XP level 3. HP: 20/24 MP: 5/5
  1062 | D:1      | Found a faded altar of an unknown god.
  1328 | D:1      | Prayed at the altar of an unknown god.
  1328 | D:1      | Became a worshipper of Qazlal Stormbringer
  1328 | D:1      | Reached * piety under Qazlal
  1462 | D:2      | Learned a level 3 spell: Summon Guardian Golem
  1609 | D:2      | Noticed a scorpion
  1989 | D:2      | Reached XP level 4. HP: 17/30 MP: 6/6
  2138 | D:2      | Reached ** piety under Qazlal
  2317 | D:2      | Reached skill level 1 in Hexes
  2524 | D:2      | Reached skill level 1 in Invocations
  3077 | D:3      | Reached XP level 5. HP: 23/35 MP: 8/8
  3190 | D:3      | Learned a level 2 spell: Call Imp
  3401 | D:3      | Found a large runed translucent door.
  3401 | D:3      | Found a large runed translucent door.
  3409 | D:3      | Noticed diceflayer's ghost (weakling DsFi)
  3505 | D:3      | Found an opulent altar of Gozag.
  3693 | D:3      | Noticed a phantom
  3728 | D:3      | Killed a phantom
  3729 | D:3      | Reached skill level 2 in Invocations
  3729 | D:3      | Reached XP level 6. HP: 14/41 MP: 1/10
  4238 | D:4      | Noticed a black bear
  4248 | D:4      | Killed a black bear
  4256 | D:4      | HP: 2/41 [centaur/arrow (12)]
  4258 | D:4      | Reached XP level 7. HP: 2/46 MP: 5/11
  4699 | D:4      | Reached skill level 3 in Invocations
  4828 | D:4      | Reached *** piety under Qazlal
  4835 | D:4      | Found an ancient bone altar of Kikubaaqudgha.
  5007 | D:4      | Found a shimmering blue altar of Sif Muna.
  5116 | D:4      | Noticed Edmund
  5135 | D:4      | Killed Edmund
  5398 | D:4      | Learned a level 3 spell: Mephitic Cloud
  5488 | D:4      | Found a radiant altar of Vehumet.
  5498 | D:5      | Entered Level 5 of the Dungeon
  5530 | D:5      | Reached skill level 4 in Invocations
  5530 | D:5      | Reached XP level 8. HP: 52/52 MP: 13/13
  5586 | D:5      | Reached skill level 1 in Conjurations
  5586 | D:5      | Reached skill level 1 in Air Magic
  5586 | D:5      | Reached skill level 1 in Poison Magic
  6611 | D:6      | Noticed a shadow
  6666 | D:6      | Killed a shadow
  6667 | D:6      | Reached skill level 1 in Maces & Flails
  6774 | D:6      | Noticed Sigmund
  7050 | D:6      | Reached XP level 9. HP: 55/57 MP: 15/15
  7053 | D:6      | Reached skill level 5 in Invocations
  7394 | D:6      | Noticed Blork the orc
  7577 | D:6      | Killed Sigmund
  7589 | D:6      | Reached skill level 5 in Spellcasting
  7592 | D:6      | Killed Blork the orc
  7690 | D:6      | Found a staircase to the Ecumenical Temple.
  7694 | D:6      | Identified the +9 long sword "Untipt" {spect, rF+ Int+2}
  7866 | D:6      | Reached skill level 1 in Long Blades
  7869 | D:6      | Reached skill level 1 in Fighting
  7869 | D:6      | Reached skill level 1 in Armour
  7869 | D:6      | Reached skill level 6 in Invocations
  7891 | D:6      | Noticed Pikel
  7898 | D:6      | Killed Pikel
  8084 | D:6      | Reached XP level 10. HP: 67/67 MP: 17/17
  8154 | D:6      | Found a shimmering altar of Xom.
  8154 | D:6      | Found a blossoming altar of Fedhas.
  8174 | D:6      | Found a runed translucent door.
  8175 | D:6      | Noticed Crazy Yiuf
  8360 | D:6      | Learned a level 5 spell: Agony
  8719 | D:7      | Reached skill level 1 in Dodging
  8721 | D:7      | Reached skill level 1 in Necromancy
  9012 | D:7      | Reached skill level 7 in Invocations
  9255 | D:7      | Found a flagged portal.
  9266 | Bailey   | Entered a bailey
  9271 | Bailey   | Learned a level 3 spell: Call Canine Familiar
  9826 | Bailey   | Noticed an orc knight
  9830 | Bailey   | Reached skill level 5 in Long Blades
  9839 | Bailey   | Killed an orc knight
 10375 | D:7      | Got the Precepts of the Hiemal Quarry
 10797 | D:8      | Reached XP level 11. HP: 73/76 MP: 7/20
 11143 | D:8      | Found a snail-covered altar of Cheibriados.
 11146 | D:8      | Found a bloodstained altar of Trog.
 11248 | D:8      | Found an ornate altar of the Wu Jian Council.
 11408 | D:8      | Found Kauh's Antique Armour Emporium.
 11415 | D:8      | Bought an embroidered scarf for 192 gold pieces
 12447 | D:9      | Noticed a two-headed ogre
 12459 | D:9      | Killed a two-headed ogre
 12460 | D:9      | Reached skill level 8 in Invocations
 12864 | D:9      | Found a staircase to the Lair.
 13072 | D:9      | Noticed a two-headed ogre
 13087 | D:9      | Killed a two-headed ogre
 13122 | D:9      | Identified the +2 trident of World's End {freeze, rN+++
                  | Str-4 Int-2 Dex+5}
 13470 | D:9      | Learned a level 4 spell: Anguish
 13547 | D:9      | Found a hide-covered altar of Uskayaw.
 13947 | D:10     | Entered Level 10 of the Dungeon
 13947 | D:10     | Noticed Erica
 13966 | Lair:1   | Entered Level 1 of the Lair of Beasts
 13968 | Lair:1   | Noticed Sonja
 13980 | Lair:1   | Killed Sonja
 14321 | Lair:1   | Noticed Urug
 14335 | Lair:1   | Killed Urug
 14340 | Lair:1   | Reached skill level 5 in Necromancy
 14658 | Lair:1   | Got the Tractate on Vapour and Metal
 14669 | Lair:1   | Reached XP level 12. HP: 76/85 MP: 22/22
 14886 | Lair:1   | Noticed Grum
 14894 | Lair:1   | Killed Grum
 14968 | Lair:1   | Identified a scroll of acquirement
 14968 | Lair:1   | Acquired the Atlas of Captivating Accompaniment
 15112 | Lair:1   | Noticed a boulder beetle
 15123 | Lair:1   | Killed a boulder beetle
 15124 | Lair:1   | Reached skill level 5 in Shields
 15341 | Lair:1   | Reached skill level 5 in Fighting
 15347 | Lair:1   | Reached **** piety under Qazlal
 15672 | Lair:1   | Found a runed translucent gate.
 15672 | Lair:1   | Found a runed translucent gate.
 15672 | Lair:1   | Found a runed translucent gate.
 15678 | Lair:1   | Noticed mtoz's ghost (journeyman GrBe)
 15679 | Lair:1   | Found a viscous altar of Jiyva.
 16088 | Lair:2   | Found a staircase to the Swamp.
 16091 | Lair:2   | Mangled by a komodo dragon

Illustrated notes

Levels and vault maps discovered:
D:1:      ebering_trefoil_3fold, layout_basic,
          shapermc_ecumenical_altar_mp_urbaneastern
D:2:      minmay_chambers_of_twos, layout_loops_corners,
          chequers_serial_rivers_marsh, corner_web_ring, minmay_domino_4
D:3:      layout_rooms, grunt_gozag_statues, ebering_ghost_disaster_area,
          hangedman_decor_lopped
D:4:      layout_rooms, nicolae_sif_muna_condensation, general_overflow_altar,
          kennysheep_vampire_church, uniq_edmund
D:5:      layout_cave_pods
D:6:      layout_basic, nicolae_overflow_two_pavilions,
          minmay_temple_entry_hall, st_stairs_5, chequers_decorated_corner,
          uniq_pikel, uniq_crazy_yiuf_cottage, uniq_sigmund, uniq_blork_the_orc
D:7:      layout_basic, enter_bailey_5
D:8:      layout_loops_cross, mainiacjoe_overflow_brackets,
          chequers_temple_overflow_statue_of_worship, serial_shops,
          kennysheep_little_box
D:9:      layout_loops_ring, erik_lair_orcish_takeover, minmay_ruined_shrine
D:10:     layout_irregular_city, erik_orc_4, uniq_maurice, uniq_erica
Lair:1:   layout_cave_pods, gammafunk_ghost_ooze, uniq_grum, uniq_urug,
          uniq_sonja
Lair:2:   layout_loops_ring, minmay_swamp_entry_worms,
          minmay_snake_entry_guardpost_small, gammafunk_ghost_split

Skill      XL: |  1  2  3  4  5  6  7  8  9 10 11 12 |
---------------+-------------------------------------+-----
Summonings     | 2 3 4 |  4.6
Spellcasting   | 2 3 4 5 6 |  6.6
Hexes          | 1 2 3 4 |  4.0
Invocations    | 1 2 4 6 7 8 |  8.9
Conjurations   | 2 |  2.4
Air Magic      | 2 |  2.6
Poison Magic   | 2 |  2.5
Maces & Flails | 1 3 |  3.1
Long Blades    | 3 5 6 |  6.9
Fighting       | 2 3 4 5 |  5.4
Armour         | 2 |  2.1
Dodging        | 3 4 |  4.4
Necromancy     | 3 5 |  5.0
Shields        | 3 6 |  6.1
Polearms       | |  4.3
Stealth        | |  4.0

Action                   |  1- 3 |  4- 6 |  7- 9 | 10-12 || total
-------------------------+-------+-------+-------+-------++-------
Melee: Spear             |   117 |   155 |    53 |       ||   325
       Punch             |       |     1 |     2 |       ||     3
       Flail             |       |       |    75 |       ||    75
       Long sword        |       |       |    23 |   210 ||   233
       Trident           |       |       |     5 |       ||     5
 Cast: Summon Small Mamm |     6 |     7 |     1 |       ||    14
       Call Imp          |       |    13 |    18 |    16 ||    47
       Summon Guardian G |       |     3 |     6 |    10 ||    19
       Mephitic Cloud    |       |       |     3 |     7 ||    10
       Call Canine Famil |       |       |       |    15 ||    15
       Anguish           |       |       |       |     2 ||     2
Invok: Upheaval          |       |     2 |     5 |    10 ||    17
       Elemental Force   |       |       |       |     1 ||     1
Evoke: Wand              |       |     4 |     1 |     3 ||     8
  Use: Scroll            |       |     6 |     4 |    10 ||    20
       Potion            |       |     1 |     2 |     1 ||     4
 Stab: Sleeping          |     5 |       |       |       ||     5
       Distracted        |       |     1 |     1 |     1 ||     3
       Confused          |       |       |     1 |     3 ||     4
Armor: Robe              |    24 |    21 |     1 |    38 ||    84
       Leather armour    |       |    16 |    52 |       ||    68
       Ring mail         |       |       |     9 |       ||     9
Dodge: Dodged            |    50 |    66 |   104 |   145 ||   365
Block: Other             |     1 |     6 |    35 |    39 ||    81
       Kite shield       |       |       |       |    19 ||    19
